 Dungeon Crawl Stone Soup version 0.28-a0-1510-gd0f6b136d3 (webtiles) character file.

Game seed: 8251481527529457945

347 enile the Ruffian (level 6, -3/62 HPs)
             Began as a Troll Monk on Jan 14, 2022.
             Was a Priest of Zin.
             Slain by an ogre (24 damage)
             ... on level 4 of the Dungeon.
             The game lasted 00:05:11 (2378 turns).

enile the Ruffian (Troll Monk)                      Turns: 2378, Time: 00:05:11

Health: -3/62      AC:  4    Str: 22    XL:     6   Next: 33%
Magic:  6/6        EV: 10    Int:  6    God:    Zin [***...]
Gold:   17         SH:  0    Dex: 12    Spells: 5/5 levels left

rFire   . . .      SeeInvis .     - Unarmed
rCold   + . .      Faith    .   (no shield)
rNeg    . . .      Spirit   .   o - +0 robe {rC+}
rPois   .          Reflect  .   (helmet restricted)
rElec   .          Harm     .   (no cloak)
rCorr   .          Rampage  .   (gloves unavailable)
Will    .....                   (boots unavailable)
Stlth   ++........              (no amulet)
HPRegen 1.00/turn               (no ring)
MPRegen 0.10/turn               (no ring)

@: about to teleport
A: large, unfitting armour, claws 3, regeneration 1, shaggy fur 1, tough skin 1
a: Renounce Religion, Recite, Vitalisation, Imprison, Donate Gold


You were on level 4 of the Dungeon.
You worshipped Zin.
Zin was most pleased with you.
You visited 1 branch of the dungeon, and saw 4 of its levels.

You collected 92 gold pieces.
You spent 55 gold pieces at shops.
You donated 20 gold pieces to Zin.

Inventory:

Hand Weapons
 j - a +0 flail of holy wrath
Missiles
 c - 92 stones
 i - 2 large rocks
Armour
 a - a +0 robe
 b - a +0 ring mail
 o - a +0 robe of cold resistance (worn)
Jewellery
 e - a ring of wizardry
 m - an amulet of reflection
Wands
 f - a wand of mindburst (12) (quivered)
Scrolls
 g - 6 scrolls of identify
 k - a scroll of immolation {unknown}
 l - a scroll of teleportation
 n - a scroll of amnesia {unknown}
 p - a scroll of fog {unknown}
Potions
 d - a potion of brilliance
 h - a potion of curing


   Skills:
 - Level 4.0 Fighting
 + Level 1.5 Throwing
 - Level 3.0 Dodging
 - Level 1.3 Stealth
 - Level 4.0 Unarmed Combat
 - Level 2.0 Invocations
 - Level 1.0 Evocations


You had 5 spell levels left.
You didn't know any spells.
Your spell library contained the following spells:

 Spells                   Type           Power      Damage    Failure   Level
 Ensorcelled Hibernation  Hex/Ice        0%         N/A       58%         2
 Call Canine Familiar     Summ           0%         N/A       83%         3
 Portal Projectile        Hex/Tloc       0%         N/A       83%         3
 Spider Form              Tmut/Pois      0%         N/A       83%         3
 Anguish                  Hex/Necr       0%         N/A       99%         4
 Leda's Liquefaction      Hex/Erth       0%         N/A       99%         4


Dungeon Overview and Level Annotations

Branches:
Dungeon (4/15)
 Temple: D:4-7

Altars:
Xom
Zin

Shops:
D:4 ?


Innate Abilities, Weirdness & Mutations

You are too large for most types of armour.
You have claws for hands.
Your natural rate of healing is unusually fast.
You are covered in fur. (AC +1)
You have tough skin. (AC +1)


Message History

Found 2 poisoned darts.
There is a fountain of clear blue water here.
There is an entrance to Votif's Magic Scroll Boutique here.
l - 2 scrolls of teleportation (gained 1)
g - 6 scrolls of identify (gained 1) Thank you for shopping at Votif's Magic Scroll Boutique!
You can access your shopping list by pressing '$'.
An ogre comes into view. It is wielding a +0 giant spiked club.
The ogre shouts!
An ogre is nearby!
Throw: 93 stones
Press: ? - help, Q - select action, (/) - cycle Shift-Dir - straight line, f - ogre
Aim: an ogre, wielding a +0 giant spiked club (74% to hit)
You throw a stone. The stone barely misses the ogre.
Unknown command.
You scratch the ogre but do no damage.
The ogre hits you with a +0 giant spiked club!!
Ouch! That really hurt!
Aiming: Mindburst
Press: ? - help, Q - select action, (/) - cycle Shift-Dir - straight line, f/p - ogre
Aim: an ogre, wielding a +0 giant spiked club (chance to affect: 69%)
The ogre struggles to resist.
Aiming: Mindburst
Press: ? - help, Q - select action, (/) - cycle Shift-Dir - straight line, f/p - ogre
Aim: an ogre, wielding a +0 giant spiked club (chance to affect: 69%)
The ogre struggles to resist.
The ogre misses you.
Aiming: Mindburst
Press: ? - help, Q - select action, (/) - cycle Shift-Dir - straight line, f/p - ogre
Aim: an ogre, wielding a +0 giant spiked club (chance to affect: 69%)
The ogre struggles to resist.
The ogre hits you with a +0 giant spiked club!
Press: ? - help, v - describe, . - travel
Here: an ogre, wielding a +0 giant spiked club The floor, spattered with blood.
Unknown command.
As you read the scroll of teleportation, it crumbles to dust.
You feel strangely unstable.
The ogre hits you with a +0 giant spiked club!!
You die...

............# ..#
............##..####
>..........<.......##
..................(.##
...........####......#
...........### .......
.............##.......
#..###.#..............
.. #........@O.....(.
#.#)#.#.#.###.....
#....⌠....# ...
#.#.#.#.#.# .
#..⌠.∩.⌠..#
#.#.#.#.#..#
#....⌠......#
#.#.#.#.#....#
#........(...#


You could see an ogre.

Vanquished Creatures
  An ogre (D:3)
  A water moccasin skeleton (D:3)
  Terence (D:2)
  Natasha (thrice) (D:2)
  3 adders (D:3)
  4 worms
  2 dart slugs (D:3)
  An orc (D:4)
  12 ball pythons
  8 bats
  5 endoplasms
  3 giant cockroaches
  6 goblins
  2 hobgoblins (D:1)
  4 jackals (D:1)
  7 quokkas
  9 frilled lizards
  4 kobolds
  4 rats
80 creatures vanquished.

Vanquished Creatures (others)
  2 plants (D:2)
2 creatures vanquished.

Grand Total: 82 creatures vanquished

Notes
Turn   | Place    | Note
-------+----------+-------------------------------------------
     0 | D:1      | enile the Troll Monk began the quest for the Orb.
     0 | D:1      | Reached XP level 1. HP: 22/22 MP: 0/0
   147 | D:1      | Found a faded altar of an unknown god.
   165 | D:1      | Reached XP level 2. HP: 23/29 MP: 1/1
   197 | D:1      | Prayed at the altar of an unknown god.
   197 | D:1      | Became a worshipper of Zin the Law-Giver
   197 | D:1      | Reached * piety under Zin
   197 | D:1      | Reached ** piety under Zin
   336 | D:1      | Donated 11 gold pieces to Zin
   407 | D:1      | Reached XP level 3. HP: 36/36 MP: 2/2
   753 | D:2      | Found a shimmering altar of Xom.
   842 | D:2      | Reached *** piety under Zin
   938 | D:2      | Noticed Natasha
   949 | D:2      | Killed Natasha
   950 | D:2      | Reached XP level 4. HP: 38/45 MP: 3/3
  1226 | D:2      | Noticed Natasha
  1243 | D:2      | Killed Natasha
  1244 | D:2      | Reached skill level 1 in Invocations
  1269 | D:2      | Noticed Terence
  1311 | D:2      | Killed Terence
  1312 | D:2      | Reached XP level 5. HP: 24/53 MP: 3/5
  1354 | D:2      | Noticed Natasha
  1363 | D:2      | Killed Natasha
  1641 | D:3      | Noticed an ogre
  1651 | D:3      | Killed an ogre
  1916 | D:3      | Reached XP level 6. HP: 60/62 MP: 6/6
  2022 | D:3      | Reached skill level 1 in Evocations
  2022 | D:3      | Reached skill level 1 in Throwing
  2351 | D:4      | Found Votif's Magic Scroll Boutique.
  2367 | D:4      | Bought a scroll of teleportation for 33 gold pieces
  2367 | D:4      | Bought a scroll of identify for 22 gold pieces
  2378 | D:4      | Slain by an ogre

Illustrated notes

Levels and vault maps discovered:
D:1:      co_arrival_random_square_maze, layout_loops_ring,
          nicolae_ecumenical_snake_handling, minmay_quantized
D:2:      layout_basic, basic_altar, serial_bayou_lake_a, uniq_terence,
          uniq_natasha
D:3:      minmay_wonky_spiral, layout_basic
D:4:      layout_cave_pods, grunt_temple_overflow_magic_moments,
          minmay_shop_grid_forest, small_statue_intersection,
          kennysheep_generic_room_11

Skill      XL: |  1  2  3  4  5  6 |
---------------+-------------------+-----
Fighting       | 3 4 |  4.0
Unarmed Combat | 4 |  4.0
Dodging        | 3 |  3.0
Invocations    | 1 2 |  2.0
Evocations     | 1 |  1.0
Throwing       | 1 |  1.5
Stealth        | |  1.3

Action                   |  1- 3 |  4- 6 || total
-------------------------+-------+-------++-------
Melee: Unarmed           |   109 |   112 ||   221
       Punch             |     2 |     3 ||     5
Throw: Large rock        |       |     1 ||     1
       Stone             |       |    12 ||    12
Invok: Donate Gold       |     1 |       ||     1
Evoke: Wand              |       |     6 ||     6
  Use: Scroll            |       |     1 ||     1
 Stab: Sleeping          |     6 |       ||     6
Armor: Robe              |    41 |    23 ||    64
Dodge: Dodged            |    70 |    39 ||   109

Table legend: (Time is in decaauts)
 A = Elapsed time spent in this place.
 B = Non-inter-level travel time spent in this place.
 C = Inter-level travel time spent in this place.
 D = Time resting spent in this place.
 E = Time spent auto-exploring this place.
 F = Levels seen in this place.
 G = Mean time per level.
                   A        B        C        D        E       F      G
               +--------+--------+--------+--------+--------+-----+--------+
         Total |   2437 |   2359 |     78 |      0 |   1758 |   4 |  609.2 |
       Dungeon |   2437 |   2359 |     78 |      0 |   1758 |   4 |  609.2 |
               +--------+--------+--------+--------+--------+-----+--------+

Top non-repeatable levels by time:
     D:2: 941 daAuts
     D:1: 747 daAuts
     D:3: 714 daAuts
     D:4: 34 daAuts
